 Dungeon Crawl Stone Soup version 0.24-a0-370-g78e9d4e317 (webtiles) character file.

Game seed: 6999201636727852293

10 Holzbalken the Magician (level 2, -1/19 HPs)
             Began as a Demonspawn Wizard on May 30, 2019.
             Slain by a jackal (3 damage)
             ... on level 2 of the Dungeon.
             The game lasted 00:04:44 (462 turns).

Holzbalken the Magician (Demonspawn Wizard)          Turns: 462, Time: 00:04:45

Health: -1/19      AC:  2    Str:  7    XL:     2   Next: 10%
Magic:  6/6        EV: 12    Int: 19    God:
Gold:   6          SH:  0    Dex: 11    Spells: 6/7 levels left

rFire    . . .     SeeInvis .   c - +0 hand axe
rCold    . . .     Gourm    .   (no shield)
rNeg     . . .     Faith    .   a - +0 robe
rPois    .         Spirit   .   b - +0 hat
rElec    .         Reflect  .   (no cloak)
rCorr    .         Harm     .   (no gloves)
MR       .....                  (no boots)
Stlth    ++........             (no amulet)
HPRegen  0.06/turn              (no ring)
MPRegen  0.10/turn              (no ring)

@: no status effects
A: talons 1
a: no special abilities


You were on level 2 of the Dungeon.
You were not hungry.

You visited 1 branch of the dungeon, and saw 2 of its levels.

You collected 6 gold pieces.

Inventory:

Hand Weapons
 c - a +0 hand axe (weapon)
Armour
 a - a +0 robe (worn)
 b - a +0 hat (worn)
Potions
 e - a potion of haste {unknown}
Comestibles
 d - 2 rations
 f - 2 chunks of flesh


   Skills:
 - Level 1.7 Dodging
 - Level 1.7 Stealth
 + Level 3.2 Spellcasting
 + Level 1.6 Conjurations
   Level 1.0 Summonings
   Level 0.8 Translocations


You had 6 spell levels left.
You knew the following spells:

 Your Spells              Type           Power        Failure   Level  Hunger
a - Magic Dart            Conj           #...         8%          1    None

Your spell library contained the following spells:

 Spells                   Type           Power        Failure   Level  Hunger
 Blink                    Tloc           N/A          16%         2    ##.....
 Call Imp                 Summ           #.......     16%         2    ##.....
 Slow                     Hex            #.......     22%         2    ##.....
 Conjure Flame            Conj/Fire      #.......     32%         3    ###....
 Mephitic Cloud           Conj/Pois/Air  #.......     34%         3    ###....


Dungeon Overview and Level Annotations

Branches:
Dungeon (2/15)

Altars:


Innate Abilities, Weirdness & Mutations

You have sharp toenails.


Message History

The giant cockroach bites you.
A jackal comes into view.
A rat and a jackal come into view.
The jackal barks! x2
The giant cockroach bites you but does no damage.
The jackal misses you. The jackal closely misses you.
The jackal barely misses you. The giant cockroach barely misses you.
The kobold closely misses you. The jackal barely misses you.
The jackal misses you. The giant cockroach bites you. The jackal misses you.
The giant cockroach closely misses you. The jackal barely misses you.
The giant cockroach bites you. The jackal misses you.
The kobold hits you with a +0 dagger.
* * * LOW HITPOINT WARNING * * *
The giant cockroach completely misses you.
The jackal closely misses you.
There are monsters nearby!
The giant cockroach completely misses you.
The jackal bites you.
You die...

#........#
#........#
#........#
#.....####
#.....#
#.....#
##...##
#...#####
#..@....#
#.Ksh...#
#..h.r..#
##......#
#......#
#......#
#......#
#......#
#......#


You could see 2 jackals, a giant cockroach, a kobold and a rat.

Vanquished Creatures
  A dart slug (D:1)
  A goblin (D:1)
  2 bats
  2 frilled lizards (D:1)
  2 kobolds (D:1)
  2 rats (D:2)
10 creatures vanquished.

Notes
Turn   | Place    | Note
-------+----------+-------------------------------------------
     0 | D:1      | Holzbalken the Demonspawn Wizard began the quest for the
                  | Orb.
     0 | D:1      | Reached XP level 1. HP: 13/13 MP: 4/4
   413 | D:2      | Gained mutation: You have sharp toenails. [demonic
                  | ancestry]
   413 | D:2      | Reached XP level 2. HP: 18/19 MP: 6/6
   462 | D:2      | Slain by a jackal

Levels and vault maps discovered:
D:1:      minmay_arrival_four_houses, layout_basic
D:2:      layout_basic

Action                   || total
-------------------------++-------
Melee: Hand axe          ||    10
       Kick              ||     1
 Cast: Magic Dart        ||    12
Armor: Robe              ||    10
Dodge: Dodged            ||    39

Table legend:
 A = Non-vault XP
 B = Vault XP
 C = Vault XP percentage of total XP
 D = Non-vault monster count
 E = Vault monster count
 F = Vault count percentage of total count
                 A         B        C        D         E       F
            +---------+---------+-------+---------+---------+-------
      Total |      15 |       0 |   0.0 |      10 |       0 |   0.0
            +---------+---------+-------+---------+---------+-------
        D:1 |      11 |       0 |   0.0 |       7 |       0 |   0.0
        D:2 |       4 |       0 |   0.0 |       3 |       0 |   0.0
            +---------+---------+-------+---------+---------+-------
